 Dungeon Crawl Stone Soup version 0.31.0-11-ge490571c62 (webtiles) character file.

Game seed: 6257588746488104283

379 Gadfly the Ruffian (level 6, 0/37 (46) HPs)
             Began as a Demonspawn Shapeshifter on Jan 27, 2024.
             Slain by a wight
             ... wielding a +0 falchion of draining
              (3 damage)
             ... on level 3 of the Dungeon.
             The game lasted 00:03:38 (2358 turns).

Gadfly the Ruffian (Demonspawn Shapeshifter)        Turns: 2358, Time: 00:03:39

HP:   0/37 (46)     AC:  2    Str: 22    XL:     6   Next: 45%
MP:   6/6           EV: 13    Int: 11    God:
Gold: 201           SH:  0    Dex: 18    Spells: 5/5 levels left

rFire   . .          .
                       - Unarmed
rCold   . . .        (no shield)
rNeg    . . .        a - +0 animal skin
rPois   .            (helmet unavailable)
rElec   .            (cloak currently unavailable)
rCorr   .            (gloves currently unavailable)
SInv    +            (boots currently unavailable)
Will    .....        h - amulet of regeneration
Stlth   ++           i - +6 ring of dexterity
HPRegen 1.06/turn    k - +6 ring of strength
MPRegen 0.10/turn

%: no passive effects
@: beast-form, heavily drained
A: beast (slay +1), antennae 3, spiny 2
a: Begin Untransformation


You were on level 3 of the Dungeon.
You were a hulking beast.
You visited 1 branch of the dungeon, and saw 3 of its levels.

You collected 201 gold pieces.

Inventory:

Hand Weapons
 b - the +0 mace "Gikhleiwk" {venom, rPois Will+++ Int-5}
   (You found it on level 2 of the Dungeon)

   Int-5:     It affects your intelligence (-5).
   rPois:     It protects you from poison Will+++: It greatly increases your
   willpower.
Armour
 a - a +0 animal skin (worn)
Jewellery
 h - an amulet of regeneration (around neck)
 i - a +6 ring of dexterity (left hand)
 k - a +6 ring of strength (right hand)
Talismans
 c - a beast talisman
 d - a flux talisman
Wands
 g - a wand of flame (22)
Scrolls
 l - a scroll of poison
 n - a scroll of enchant weapon
 o - a scroll of immolation {unknown}
Potions
 e - a potion of cancellation {unknown}
 f - a potion of haste
 j - a potion of lignification
 m - a potion of might {unknown}


   Skills:
 + Level 2.5 Fighting
 + Level 3.4 Dodging
 * Level 3.7 Unarmed Combat
 * Level 3.2 Evocations
 * Level 3.4 Shapeshifting


You had 5 spell levels left.
You didn't know any spells.
Your spell library contained the following spells:

 Spells                   Type           Power      Damage    Failure   Level
 Slow                     Hex            0%         N/A       34%         1
 Confusing Touch          Hex            0%         N/A       71%         3
 Sigil of Binding         Hex            0%         N/A       71%         3
 Vampiric Draining        Necr           0%         2d6       71%         3


Dungeon Overview and Level Annotations

Branches:
Dungeon (3/15)

Altars:
Gozag
Kikubaaqudgha

Shops:
D:1 (


Innate Abilities, Weirdness & Mutations

You are a hulking beast.
Your limbs bulge with bestial killing power. (Slay +1)
You have a pair of large antennae on your head. (SInv)
You are mostly covered in sharp spines.


Message History

You feel drained.
You hit the wight.
The wight is moderately damaged.
The wight closely misses you.
You closely miss the wight.
The wight is moderately damaged.
The wight hits you from afar with a +0 halberd!
The wight misses you. The wight is struck by your spines.
The wight completely misses you.
You punch the wight!
The wight is severely damaged.
The wight closely misses you. The wight barely misses you.
The wight hits you with a +0 falchion of draining!
You feel drained. x2
You are too injured to fight recklessly!
You are too injured to fight recklessly!
You are too injured to fight recklessly!
You are too injured to fight recklessly!
You are too injured to fight recklessly!
You are too injured to fight recklessly!
You are too injured to fight recklessly!
You are too injured to fight recklessly!
You are too injured to fight recklessly!
You are too injured to fight recklessly!
You are too injured to fight recklessly!
You are too injured to fight recklessly!
You are too injured to fight recklessly!
You are too injured to fight recklessly!
You are too injured to fight recklessly!
You are too injured to fight recklessly!
You are too injured to fight recklessly!
Unknown command.
The wight attacks as it pursues you!
The wight hits you from afar with a +0 halberd.
The wight hits you with a +0 falchion of draining!
* * * LOW HITPOINT WARNING * * *
You feel drained.
* * * LOW HITPOINT WARNING * * *
You feel drained.
You die...

##############.# #.
............##.# #
........###.##.# $##
...####.# #.##.# ...
##.####.# #.##.# #.##
........# #.##.####.z.###
##.###..###.##.##...#....
#.............##.#...#
####...........h.zz.#
#####...########.z####
............# #..#
.####...###.# #.?#
...##...# #..# †......)#
#..# ...##..## ...#
.......# #.## ...##.##


You could see 4 wights.

Vanquished Creatures
  Sigmund (D:2)
  2 orc priests (D:3)
  3 gnolls
  6 adders
  3 ribbon worms (D:2)
  5 orcs (D:3)
  6 ball pythons
  3 bats (D:1)
  7 endoplasms
  3 giant cockroaches
  7 goblins
  5 hobgoblins
  4 jackals (D:2)
  3 quokkas (D:1)
  6 frilled lizards
  5 kobolds
  8 rats
77 creatures vanquished.

Notes
Turn   | Place    | Note
-------+----------+-------------------------------------------
     0 | D:1      | Gadfly the Demonspawn Shapeshifter began the quest for the
                  | Orb.
     0 | D:1      | Reached XP level 1. HP: 15/15 MP: 1/1
   228 | D:1      | Found Birypa's Weapon Boutique.
   257 | D:1      | Gained mutation: You have a pair of small antennae on your
                  | head. [demonic ancestry]
   257 | D:1      | Reached XP level 2. HP: 21/21 MP: 2/2
   409 | D:1      | Reached skill level 1 in Evocations
   785 | D:1      | Gained mutation: You are partially covered in sharp spines.
                  | [demonic ancestry]
   785 | D:1      | Reached XP level 3. HP: 26/26 MP: 3/3
  1245 | D:2      | Identified the +0 mace "Gikhleiwk" {venom, rPois Will+++
                  | Int-5}
  1372 | D:2      | Noticed Sigmund
  1379 | D:2      | Killed Sigmund
  1380 | D:2      | Gained mutation: You have a pair of antennae on your head.
                  | [demonic ancestry]
  1380 | D:2      | Reached XP level 4. HP: 30/33 MP: 4/4
  1380 | D:2      | Gained mutation: You have a pair of large antennae on your
                  | head. (SInv) [demonic ancestry]
  1380 | D:2      | Reached XP level 5. HP: 34/38 MP: 5/5
  1390 | D:2      | Found an ancient bone altar of Kikubaaqudgha.
  1507 | D:2      | You fall into a shaft and drop 1 floor!
  1803 | D:3      | Gained mutation: You are mostly covered in sharp spines.
                  | [demonic ancestry]
  1803 | D:3      | Reached XP level 6. HP: 25/46 MP: 6/6
  2274 | D:3      | Found an opulent altar of Gozag.
  2358 | D:3      | Slain by a wight

Illustrated notes

Levels and vault maps discovered:
D:1:      grunt_arrival_crossed_arrows, layout_loops_corners, serial_shops,
          nicolae_shop_window_shopping, nicolae_concentric_dashed_squares_wild,
          minivault_23
D:2:      layout_basic, basic_altar, uniq_sigmund
D:3:      layout_loops_ring, nicolae_gozag_cash_rules_everything_around_me

Skill      XL: |  1  2  3  4  5  6 |
---------------+-------------------+-----
Dodging        | 2 3 |  3.4
Evocations     | 1 2 3 |  3.2
Unarmed Combat | 3 |  3.7
Fighting       | 2 |  2.5
Shapeshifting  | 3 |  3.4

Action                     |  1- 3 |  4- 6 || total
---------------------------+-------+-------++-------
  Melee: Unarmed           |    81 |    66 ||   147
         Punch             |     3 |     4 ||     7
         Mace              |    19 |     3 ||    22
  Evoke: Wand              |       |     1 ||     1
    Use: Scroll            |     5 |     3 ||     8
   Stab: Sleeping          |     4 |     3 ||     7
 Armour: Animal skin       |    46 |    48 ||    94
  Dodge: Dodged            |    52 |    30 ||    82
